 Dungeon Crawl Stone Soup version 0.31-a0-217-g58bb5d79cf (webtiles) character file.

Game seed: 15117207867803631696

306 qw the Chopper (level 6, -5/37 HPs)
             Began as a Gargoyle Fighter on July 2, 2023.
             Slain by an iguana (9 damage)
             ... on level 4 of the Dungeon on July 3, 2023.
             The game lasted 00:01:35 (3006 turns).

qw the Chopper (Gargoyle Fighter)                   Turns: 3006, Time: 00:01:36

Health: -5/37      AC: 17    Str: 21    XL:     6   Next: 39%
Magic:  6/6        EV:  5    Int:  9    God:
Gold:   130        SH:  4    Dex:  9    Spells: 5/5 levels left

rFire   + . .        Y - +0 war axe
rCold   . . .        c - +0 buckler
rNeg    + + .        k - +0 plate armour
rPois   inf          l - +0 helmet
rElec   +            (no cloak)
rCorr   .            (no gloves)
SInv    .            (no boots)
Will    +....        (no amulet) Stlth
                     f - ring of willpower
HPRegen 0.26/turn    o - ring of positive energy
MPRegen 0.10/turn

%: no passive effects
@: about to teleport
A: sickness immunity, AC +4, negative energy resistance 1, electricity
resistance, torment resistance 1, petrification resistance, talons 1, fire
resistance 1
a: no special abilities


You were on level 4 of the Dungeon.
You visited 1 branch of the dungeon, and saw 4 of its levels.

You collected 130 gold pieces.


Innate Abilities, Weirdness & Mutations

You are immune to sickness and miasma.
Your stone body is resilient. (AC +4)
You are immune to poison.
You resist negative energy. (rN+)
You are resistant to electric shocks. (rElec)
You are resistant to unholy torment.
You are immune to petrification.
You have sharp toenails.
Your flesh is heat resistant. (rF+)


   Skills:
 + Level 3.4 Fighting
 - Level 5.9 Axes
 - Level 3.2 Armour
 - Level 3.2 Shields


You had 5 spell levels left.
You didn't know any spells.
Your spell library was empty.

Inventory:

Hand Weapons
 g - a +0 mace
 Y - a +0 war axe (weapon)
Armour
 c - a +0 buckler (worn)
 k - a +0 plate armour (worn)
 l - a +0 helmet (worn)
Jewellery
 f - a ring of willpower (left hand)
 o - a ring of positive energy (right hand)
Scrolls
 b - a scroll of identify
Potions
 d - a potion of might
 e - a potion of mutation
 i - a potion of heal wounds
 j - a potion of curing {unknown}
 m - a potion of berserk rage {unknown}
 n - a potion of ambrosia {unknown}
 p - a potion of attraction
 q - a potion of haste {unknown}
 r - a potion of resistance {unknown}

Dungeon Overview and Level Annotations

Branches:
Dungeon (4/15)
 Temple: D:4-7

Altars:
Trog

Annotations:
D:1 2 transporters


Message History

You closely miss the iguana. The iguana barely misses you.
You hit the iguana.
The iguana is lightly wounded.
The iguana bites you but does no damage.
You hit the iguana but do no damage. You claw the iguana, but do no damage.
The iguana is lightly wounded.
The iguana bites you but does no damage. x2
You closely miss the iguana.
The iguana is lightly wounded.
The iguana bites you.
You hit the iguana but do no damage.
The iguana is lightly wounded.
The iguana bites you.
You barely miss the iguana. You claw the iguana, but do no damage.
The iguana is lightly wounded.
The iguana bites you.
You closely miss the iguana.
The iguana is lightly wounded.
You block the iguana's attack. The iguana bites you.
You hit the iguana. You claw the iguana.
The iguana is heavily wounded.
The iguana bites you!
You closely miss the iguana. Your kick misses the iguana.
The iguana is heavily wounded.
The iguana barely misses you.
You completely miss the iguana.
The iguana is heavily wounded.
The iguana barely misses you.
An endoplasm comes into view.
You barely miss the iguana.
The iguana is heavily wounded.
The endoplasm quivers.
The iguana bites you!
The iguana bites you but does no damage.
3006 ||| READING scroll of teleportation.
As you read the scroll of teleportation, it crumbles to dust.
You feel strangely unstable. The iguana bites you!
You die...

.. # .# #. .#
#.####.##
###.J.....
.........
#...l# #..@###
#.#...#####...
# ###.......#
#.###>.######
#.........###
#..######...###
... ###.).# .
###.## #..#####


You could see an iguana and an endoplasm.

Vanquished Creatures
  Sigmund (D:3)
  An iguana (D:3)
  Robin (D:3)
  4 adders (D:3)
  A worm (D:2)
  2 orcs (D:3)
  8 ball pythons
  7 bats
  8 endoplasms
  2 giant cockroaches
  15 goblins
  5 hobgoblins
  5 jackals (D:2)
  4 kobolds
  5 quokkas
  2 frilled lizards
  3 rats
74 creatures vanquished.

Notes
Turn   | Place    | Note
-------+----------+-------------------------------------------
     0 | D:1      | qw the Gargoyle Fighter began the quest for the Orb.
     0 | D:1      | Reached XP level 1. HP: 14/14 MP: 1/1
     0 | D:1      | 0 ||| qw: Version: 0.3-a-40-ge99b1a8
     0 | D:1      | 0 ||| qw: Game counter: 277
     0 | D:1      | 0 ||| qw: Melee chars always use a shield: true
     0 | D:1      | 0 ||| qw: God list: Okawaru
     0 | D:1      | 0 ||| qw: Allow faded altars: false
     0 | D:1      | 0 ||| qw: Do Orc after clearing Dungeon:15 true
     0 | D:1      | 0 ||| qw: Do second Lair branch before Depths: true
     0 | D:1      | 0 ||| qw: Lair rune preference: random
     0 | D:1      | 0 ||| qw: Goals: Normal, Zot:1-4, Slime:5, God:TSO, Crypt,
                  | Tomb, Abyss, Pan, Hells, Win
     0 | D:1      | 0 ||| PLANNING D:1-11
   142 | D:1      | Reached skill level 2 in Axes
   179 | D:1      | Reached XP level 2. HP: 14/19 MP: 2/2
   282 | D:1      | Found a faded altar of an unknown god.
   720 | D:1      | 720 ||| UPGRADING to +0 plate armour.
   730 | D:1      | 730 ||| DROPPING +0 scale mail.
   731 | D:1      | 731 ||| READING 2 scrolls labelled NYNLOU FO DUZU.
   736 | D:1      | 736 ||| READING scroll labelled GYDGHO XUEJAH.
   737 | D:1      | 737 ||| READING scroll labelled ZOZAORGHAHE.
   738 | D:1      | 738 ||| READING scroll labelled HOXZOG JALU.
   739 | D:1      | 739 ||| READING scroll labelled IPEAGG HYMA.
   776 | D:2      | 776 ||| STAIRDANCE
   909 | D:2      | Reached skill level 3 in Axes
   955 | D:2      | Reached XP level 3. HP: 23/23 MP: 3/3
  1258 | D:2      | 1258 ||| Stepping ~*~*~tactically~*~*~ (stealth).
  1259 | D:2      | 1259 ||| Stepping ~*~*~tactically~*~*~ (stealth).
  1671 | D:2      | 1671 ||| Stepping ~*~*~tactically~*~*~ (hiding).
  1688 | D:2      | 1688 ||| READING scroll labelled BUPTID JUH.
  1734 | D:3      | Reached XP level 4. HP: 28/28 MP: 4/4
  1751 | D:3      | Reached skill level 4 in Axes
  1832 | D:3      | 1832 ||| Stepping ~*~*~tactically~*~*~ (stealth).
  1833 | D:3      | 1833 ||| Stepping ~*~*~tactically~*~*~ (stealth).
  2002 | D:3      | Noticed Robin
  2003 | D:3      | 2003 ||| Stepping ~*~*~tactically~*~*~ (hiding).
  2014 | D:3      | Killed Robin
  2015 | D:3      | Reached XP level 5. HP: 29/32 MP: 5/5
  2031 | D:3      | 2031 ||| DROPPING +0 club.
  2161 | D:3      | Found a bloodstained altar of Trog.
  2771 | D:3      | Noticed Sigmund
  2779 | D:3      | Killed Sigmund
  2780 | D:3      | Reached skill level 5 in Axes
  2780 | D:3      | Reached XP level 6. HP: 37/37 MP: 6/6
  2892 | D:3      | 2892 ||| UPGRADING to +0 helmet.
  2897 | D:3      | 2897 ||| UPGRADING to ring of willpower.
  2898 | D:3      | 2898 ||| UPGRADING to ring of positive energy.
  2899 | D:3      | 2899 ||| READING scroll labelled KUYLUIJ BYHY.
  2900 | D:3      | 2900 ||| DRINKING 2 fizzy yellow potions.
  2900 | D:3      | Gained mutation: You have sharp toenails. [potion of
                  | mutation]
  2900 | D:3      | Gained mutation: Your flesh is heat resistant. (rF+)
                  | [potion of mutation]
  2901 | D:3      | 2901 ||| DRINKING 2 lumpy dark potions.
  2902 | D:3      | 2902 ||| READING 2 scrolls of identify.
  2902 | D:3      | 2902 ||| IDENTIFYING smoky pink potion
  2929 | D:4      | 2929 ||| PLANNING SEWER
  2986 | D:4      | 2986 ||| Stepping ~*~*~tactically~*~*~ (stealth).
  3005 | D:4      | HP: 3/37 [iguana (11)]
  3006 | D:4      | 3006 ||| READING scroll of teleportation.
  3006 | D:4      | Slain by an iguana

Levels and vault maps discovered:
D:1:      spicycebolla_arrival_transporter_tutorial, layout_loops_ring,
          shapermc_ecumenical_altar_mp_ritualfount, minmay_hexomino_f4
D:2:      layout_loops_corners
D:3:      layout_basic, bloody_trog, corexii_shack, uniq_sigmund, uniq_robin
D:4:      layout_rooms, mainiacjoe_overflow_brackets, lightli_sewer_entry_pipes

Skill      XL: |  1  2  3  4  5 |
---------------+----------------+-----
Axes           | 2 3 4 5 |  5.9
Fighting       | |  3.4
Armour         | |  3.2
Shields        | |  3.2

Action                     |  1- 3 |  4- 6 || total
---------------------------+-------+-------++-------
  Melee: War axe           |   142 |   119 ||   261
         Kick              |       |     4 ||     4
    Use: Scroll            |     6 |     3 ||     9
         Potion            |       |     2 ||     2
 Armour: Scale mail        |    18 |       ||    18
         Plate armour      |    67 |    63 ||   130
  Dodge: Dodged            |    38 |    36 ||    74
  Block: Buckler           |    19 |    23 ||    42

Table legend:
 A = Non-vault XP
 B = Vault XP
 C = Vault XP percentage of total XP
 D = Non-vault monster count
 E = Vault monster count
 F = Vault count percentage of total count
                 A         B        C        D         E       F
            +---------+---------+-------+---------+---------+-------
      Total |     195 |     243 |  55.5 |      63 |      11 |  14.9
            +---------+---------+-------+---------+---------+-------
        D:1 |      23 |       3 |  11.5 |      15 |       2 |  11.8
        D:2 |      55 |       0 |   0.0 |      28 |       0 |   0.0
        D:3 |     114 |     240 |  67.8 |      18 |       9 |  33.3
        D:4 |       3 |       0 |   0.0 |       2 |       0 |   0.0
            +---------+---------+-------+---------+---------+-------
